AoeStats
← tomitom

African Clearing

510463478Analyzed
4v4 RM · 24h ago on Oct 1, 2026· 66m 35s· 8 players
Game mode
Random Map
Map size
Large (8 player)
Population
200
Speed
Normal
Resources
Standard
Victory
Conquest
Starting age
Dark Age
Ending age
Imperial Age
RankedLock teamsTeams togetherTeam positionsShared explorationLock speedFull tech treeHidden civsTurbo modeCheats
Victory
Defeat
🇵🇪 Spanish · Peru
1408
+15
🇹🇼 Celts · Taiwan
1377
+16
1321
+19
🇵🇪 Huns · Peru
1239
+22
🇺🇸 Mongols · United States
1459
-21
1380
-18
🇺🇸 Hindustanis · United States
1379
-18
🇨🇦 Spanish · Canada
1308
-15
alexfca0828
9:41 Loom
13:43 Feudal Age
15:20 Double-Bit Axe
28:20 Castle Age
36:31 Fletching
67:20 Wheelbarrow
66:27 Horse Collar
JINJIN
5:19 Loom
15:04 Feudal Age
20:35 Castle Age
18:21 Double-Bit Axe
18:28 Gold Mining
24:52 Pikeman
27:20 Ballistics
33:58 Bow Saw
33:45 Town Watch
34:38 Wheelbarrow
36:55 Horse Collar
40:41 Imperial Age
40:19 Gold Shaft Mining
40:00 Hand Cart
40:43 Heavy Scorpion
42:10 Furor Celtica
43:41 Capped Ram
45:16 Heavy Plow
45:45 Siege Ram
49:03 Chemistry
52:48 Halberdier
55:45 Siege Engineers
57:43 Forging
57:34 Scale Mail Armor
60:42 Chain Mail Armor
62:06 Iron Casting
魔鬼我在索马里
11:15 Loom
13:57 Feudal Age
14:27 Arson
14:58 Double-Bit Axe
15:41 Scale Mail Armor
15:52 Forging
17:51 Fletching
22:17 Scale Barding Armor
28:21 Castle Age
27:18 Bloodlines
27:00 Gold Mining
28:46 Fishing Lines
29:10 Gambesons
30:08 Bow Saw
30:36 Wheelbarrow
32:26 Iron Casting
32:07 Chain Mail Armor
32:45 Gillnets
37:12 Hand Cart
40:53 Imperial Age
39:06 Chain Barding Armor
39:28 Squires
39:37 Town Watch
43:47 Plate Mail Armor
44:18 Blast Furnace
44:19 Plate Barding Armor
43:39 Bodkin Arrow
45:03 Capped Ram
45:56 Stirrups
46:21 Conscription
47:05 Elite Konnik
50:37 Horse Collar
52:05 Heavy Plow
53:31 Siege Ram
56:06 Husbandry
55:27 Light Cavalry
56:21 Onager
58:17 Hussar
60:33 Siege Engineers
61:29 Chemistry
62:38 Crop Rotation
62:32 Town Patrol
tomitom
9:10 Loom
13:56 Feudal Age
18:33 Castle Age
17:27 Double-Bit Axe
19:55 Husbandry
20:05 Bloodlines
20:49 Horse Collar
31:34 Padded Archer Armor
32:28 Leather Archer Armor
34:40 Fletching
35:05 Bow Saw
35:00 Heavy Plow
39:18 Imperial Age
37:27 Wheelbarrow
36:56 Town Watch
39:23 Capped Ram
39:39 Elite Conquistador
40:41 Conscription
41:28 Ring Archer Armor
43:16 Chemistry
42:37 Ballistics
45:34 Bodkin Arrow
47:16 Scale Barding Armor
46:38 Cavalier
48:13 Forging
48:24 Chain Barding Armor
48:25 Hand Cart
49:23 Plate Barding Armor
49:24 Iron Casting
49:42 Bracer
52:39 Blast Furnace
54:42 Gold Mining
54:42 Stone Mining
55:06 Light Cavalry
60:15 Two-Man Saw
59:50 Siege Ram
61:31 Hussar
67:03 Scale Mail Armor
DarkAgeBoomer
4:33 Loom
12:42 Feudal Age
16:54 Castle Age
15:38 Double-Bit Axe
19:40 Bow Saw
19:30 Horse Collar
22:51 Stone Mining
24:21 Gold Mining
25:34 Wheelbarrow
25:17 Town Watch
26:30 Scale Mail Armor
26:41 Forging
27:15 Squires
27:01 Arson
29:22 Chain Mail Armor
29:42 Iron Casting
30:35 Hand Cart
31:28 Gold Shaft Mining
33:22 Fletching
35:23 Stone Shaft Mining
37:32 Imperial Age
37:41 Ballistics
37:32 Masonry
37:46 Pikeman
37:50 Elite Ghulam
38:51 Conscription
39:59 Blast Furnace
38:55 Bodkin Arrow
38:33 Siege Elephant
40:55 Shatagni
41:07 Heavy Plow
42:08 Two-Man Saw
41:11 Padded Archer Armor
42:14 Chemistry
44:12 Murder Holes
44:22 Siege Engineers
46:16 Bracer
46:32 Leather Archer Armor
45:54 Elite Skirmisher
50:34 Bloodlines
50:25 Husbandry
49:54 Light Cavalry
52:22 Bloodlines
51:32 Light Cavalry
55:10 Scale Barding Armor
56:00 Hussar
57:06 Chain Barding Armor
62:37 Plate Barding Armor
Vingtor
8:21 Loom
10:38 Feudal Age
11:32 Double-Bit Axe
16:18 Forging
18:01 Scale Barding Armor
21:41 Wheelbarrow
22:09 Bloodlines
23:12 Town Watch
26:38 Castle Age
29:58 Horse Collar
31:26 Husbandry
36:50 Heavy Plow
37:10 Bow Saw
37:49 Hand Cart
39:15 Gold Mining
39:16 Stone Mining
43:11 Imperial Age
43:13 Elite Mangudai
44:08 Fletching
44:19 Padded Archer Armor
45:40 Bodkin Arrow
46:13 Ballistics
46:54 Chemistry
46:19 Leather Archer Armor
46:39 Thumb Ring
47:00 Parthian Tactics
46:48 Bracer
CSA_HW_Mercer
3:47 Loom
12:44 Feudal Age
18:48 Fletching
31:37 Double-Bit Axe
33:09 Horse Collar
35:46 Wheelbarrow
39:38 Castle Age
41:45 Bow Saw
42:36 Bodkin Arrow
43:03 Gold Mining
42:41 Elite Skirmisher
44:10 Padded Archer Armor
48:10 Hand Cart
50:19 Thumb Ring
53:35 Scale Barding Armor
53:40 Forging
53:26 Light Cavalry
54:36 Bloodlines
55:59 Husbandry
58:53 Stone Mining
61:50 Chain Barding Armor
62:03 Town Watch
66:19 Imperial Age
QHB挂b户口本1页
3:09 Loom
18:02 Feudal Age
18:56 Double-Bit Axe
21:39 Castle Age
19:32 Horse Collar
20:46 Fletching
22:47 Scale Mail Armor
24:55 Bow Saw
30:59 Squires
31:28 Bodkin Arrow
31:34 Padded Archer Armor
33:29 Wheelbarrow
33:38 Crossbowman
34:45 Ballistics
35:25 Leather Archer Armor
40:33 Thumb Ring
44:05 Gold Mining
47:18 Imperial Age
45:05 Hand Cart
44:37 Town Watch
45:22 Heavy Plow
47:38 Arbalester
48:24 Bracer
50:34 Chemistry
61:29 Husbandry
60:50 Light Cavalry
62:11 Ring Archer Armor
61:47 Scale Barding Armor
61:52 Forging
63:39 Hussar
Connection lost

Rejoining the realm…

Still unreachable

The connection could not be restored.

Session expired

The server has moved on; the page needs a fresh start.